 Dungeon Crawl Stone Soup version 0.26-a0-653-g6669bab64c (webtiles) character file.

Game seed: 15947303090898419937

264 rogsnak the Sneak (level 6, -3/51 HPs)
             Began as a Kobold Earth Elementalist on Oct 4, 2020.
             Killed by divine providence
             ... invoked by an orc priest
              (11 damage)
             ... on level 4 of the Dungeon.
             The game lasted 00:09:19 (5672 turns).

rogsnak the Sneak (Kobold Earth Elementalist)       Turns: 5672, Time: 00:09:20

Health: -3/51      AC: 23    Str:  5    XL:     6   Next: 43%
Magic:  0/10       EV:  3    Int: 19    God:
Gold:   204        SH:  0    Dex: 15    Spells: 7/11 levels left

rFire    . . .     SeeInvis .   j - +0 dagger
rCold    . . .     Faith    .   (shield restricted)
rNeg     + + +     Spirit   .   (armour currently unavailable)
rPois    +         Reflect  .   (helmet currently unavailable)
rElec    .         Harm     .   (cloak currently unavailable)
rCorr    .         Rampage  .   (gloves currently unavailable)
MR       .....     NoTele   +   (boots currently unavailable)
Stlth    ++++......             (no amulet)
HPRegen  0.17/turn              u - ring of poison resistance
MPRegen  0.12/turn              (no ring)

@: brilliant, tree-form
A: small, nightstalker 3
a: no special abilities


You were on level 4 of the Dungeon.
You were a tree.
You visited 1 branch of the dungeon, and saw 4 of its levels.

You collected 204 gold pieces.

Inventory:

Hand Weapons
 e - a +0 club
 j - a +0 dagger (weapon)
 w - a cursed -2 whip
Missiles
 b - 100 stones (quivered)
 o - 54 bolts
 p - 18 sling bullets
 t - 32 arrows
Armour
 c - a +0 robe (melded)
 r - a +0 pair of gloves (melded)
 v - a +0 cloak (melded)
Jewellery
 u - a ring of poison resistance (left branch)
Scrolls
 d - 2 scrolls of remove curse {unknown}
 f - 2 scrolls of teleportation {unknown}
 h - 3 scrolls of fear {unknown}
 i - 3 scrolls of blinking {unknown}
 m - a scroll of random uselessness {unknown}
 n - 2 scrolls of identify {unknown}
 q - a scroll of fog {unknown}
Potions
 a - 2 potions of curing
 g - a potion of brilliance
 l - a potion of lignification
 s - a potion of mutation {unknown}
 x - a potion of flight {unknown}


   Skills:
 + Level 1.4 Fighting
 - Level 3.0 Short Blades
 + Level 3.9 Dodging
 - Level 4.0 Stealth
 + Level 3.1 Spellcasting
 * Level 2.1 Conjurations
   Level 1.0 Transmutations
 + Level 3.6 Earth Magic


You had 7 spell levels left.
You knew the following spells:

 Your Spells              Type           Power        Failure   Level
a - Sandblast             Erth           ####..       3%          1
b - Stone Arrow           Conj/Erth      ###...       14%         3

Your spell library contained the following spells:

 Spells                   Type           Power        Failure   Level
 Passwall                 Tmut/Erth      ###.....     9%          2
 Petrify                  Tmut/Erth      ###.....     50%         4
 Lee's Rapid Deconstruct  Erth           ####......   67%         5


Dungeon Overview and Level Annotations

Branches:
Dungeon (4/15)
 Temple: D:4-7

Altars:


Innate Abilities, Weirdness & Mutations

You are small and have problems with some larger weapons.
You are completely attuned to the shadows.


Message History

The adder bites you but does no damage.
You hit the adder but do no damage.
The adder is moderately wounded.
The adder bites you but does no damage.
You hit the adder but do no damage.
The adder is moderately wounded.
The adder bites you but does no damage.
You hit the adder.
The adder is moderately wounded.
The adder bites you but does no damage.
Casting: Sandblast (safe; 3% risk of failure)
Confirm with . or Enter, or press ? or * to list all spells.
Press: ? - help, Shift-Dir - straight line, f/p - orc priest
Aim: an orc priest You feel a surge of power!
The blast of sand hits the adder!
You kill the adder!
b - 100 stones The orc priest calls down the wrath of Beogh upon you.
Beogh smites you!
You die...

## ##≈..#...J# ≈##≈..#..(.#
≈≈≈≈..#...o# #....#...#....#
#....#...#....# #....###'#.)..#
#....#...###.o#
#....'...'..o)#######
#....#...#...#♣.....#####
#....#...#...#............
#....#...#####............#
#....#####................#####
#.............######...........
#.............#....#...........
#.............#....#...........
#.............#....#...........
#....#####....#....#####'#.....


You could see an orc priest and an orc.

Vanquished Creatures
  An orc wizard (D:3)
  2 hounds (D:4)
  A hound skeleton (D:4)
  4 adders
  3 gnolls
  An ooze (D:4)
  2 dart slugs (D:1)
  A leopard gecko (D:3)
  7 orcs
  5 giant cockroaches
  11 hobgoblins
  5 jackals
  A quokka (D:3)
  7 bats
  3 frilled lizards
  19 goblins
  4 kobolds
  A rat (D:3)
78 creatures vanquished.

Notes
Turn   | Place    | Note
-------+----------+-------------------------------------------
     0 | D:1      | rogsnak the Kobold Earth Elementalist began the quest for
                  | the Orb.
     0 | D:1      | Reached XP level 1. HP: 10/10 MP: 3/3
   440 | D:1      | Reached skill level 3 in Stealth
   677 | D:1      | Reached XP level 2. HP: 14/15 MP: 5/5
  1444 | D:1      | Reached XP level 3. HP: 5/20 MP: 3/6
  2717 | D:2      | Reached skill level 1 in Short Blades
  2717 | D:2      | Reached XP level 4. HP: 17/24 MP: 5/8
  3234 | D:2      | Learned a level 3 spell: Stone Arrow
  3874 | D:3      | Reached skill level 1 in Conjurations
  4144 | D:3      | Reached skill level 4 in Stealth
  4148 | D:3      | Reached skill level 1 in Fighting
  4148 | D:3      | Reached XP level 5. HP: 17/29 MP: 4/9
  5444 | D:4      | Reached XP level 6. HP: 31/34 MP: 10/10
  5672 | D:4      | Killed from afar by an orc priest

Illustrated notes

Levels and vault maps discovered:
D:1:      dpeg_arrival_solitude, layout_basic, corexii_item_surrounded_by_moat
D:2:      layout_loops_corners, serial_glass, glass_columns_a, glass_columns_c,
          item_on_display_a, item_on_display_a
D:3:      cheibrodos_greedy_goblins, layout_loops_ring,
          nicolae_overflow_hidden_temple
D:4:      layout_gridville, minmay_temple_entry_wispy, lightli_minifort,
          uniq_blork_the_orc, uniq_eustachio

Skill      XL: |  1  2  3  4  5  6 |
---------------+-------------------+-----
Stealth        | 3 4 |  4.0
Short Blades   | 1 2 3 |  3.0
Dodging        | 3 |  3.9
Conjurations   | 1 2 |  2.1
Fighting       | 1 |  1.4
Spellcasting   | 3 |  3.1
Transmutations | |  1.0
Earth Magic    | |  3.6

Action                   |  1- 3 |  4- 6 || total
-------------------------+-------+-------++-------
Melee: Club              |    43 |       ||    43
       Unarmed           |     4 |       ||     4
       Dagger            |    49 |   394 ||   443
 Cast: Sandblast         |    13 |    27 ||    40
       Stone Arrow       |       |     4 ||     4
  Use: Potion            |       |     4 ||     4
 Stab: Sleeping          |    14 |    11 ||    25
Armor: Robe              |    20 |    52 ||    72
       Skin              |       |     8 ||     8
Dodge: Dodged            |    85 |   291 ||   376

Table legend: (Time is in decaauts)
 A = Elapsed time spent in this place.
 B = Non-inter-level travel time spent in this place.
 C = Inter-level travel time spent in this place.
 D = Time resting spent in this place.
 E = Time spent auto-exploring this place.
 F = Levels seen in this place.
 G = Mean time per level.
                   A        B        C        D        E       F      G
               +--------+--------+--------+--------+--------+-----+--------+
         Total |   5638 |   5559 |     79 |   1849 |   2672 |   4 | 1409.5 |
       Dungeon |   5638 |   5559 |     79 |   1849 |   2672 |   4 | 1409.5 |
               +--------+--------+--------+--------+--------+-----+--------+

Top non-repeatable levels by time:
     D:1: 2259 daAuts
     D:3: 1746 daAuts
     D:2: 1261 daAuts
     D:4: 371 daAuts
